 Dungeon Crawl Stone Soup version 0.24.0-123-gd5b16e6ec5 (webtiles) character file.

Game seed: 5704323558306312393, levelgen mode: deterministic

9909 FishyPogo the Grappler (level 11, -9/83 HPs)
             Began as a Gnoll Transmuter on Jan 24, 2020.
             Was a High Priest of Cheibriados.
             Mangled by a yak (11 damage)
             ... on level 11 of the Dungeon.
             The game lasted 00:31:34 (7440 turns).

FishyPogo the Grappler (Gnoll Transmuter)           Turns: 7440, Time: 00:31:35

Health: -9/83      AC: 11    Str: 31    XL:     11   Next: 53%
Magic:  22/23      EV: 20    Int: 35    God:    Cheibriados [*****.]
Gold:   742        SH:  0    Dex: 26    Spells: 8/26 levels left

rFire    . . .     SeeInvis .   O - +5 scimitar (freeze)
rCold    . . .     Gourm    .   (no shield)
rNeg     . . .     Faith    .   k - +4 leather armour "Qyobrul" {Int+5 Slay-3}
rPois    .         Spirit   .   (no helmet)
rElec    .         Reflect  .   P - +1 cloak {MR+}
rCorr    .         Harm     .   J - +0 pair of gloves
MR       +....                  (no boots)
Stlth    ++++......             v - amulet of regeneration
HPRegen  0.63/turn              i - +3 ring of strength
MPRegen  0.18/turn              l - +4 ring of intelligence

@: appendage, very slow
A: distributed training, fangs 1, horns 2, strong nose
a: End Transformation, Bend Time, Temporal Distortion, Slouch, Step From Time,
Renounce Religion


You were on level 11 of the Dungeon.
You worshipped Cheibriados.
Cheibriados was extremely pleased with you.
You were not hungry.
You had grown temporary horns.
You visited 1 branch of the dungeon, and saw 10 of its levels.
You also visited: Ossuary.

You collected 742 gold pieces.

Inventory:

Hand Weapons
 O - a +5 scimitar of freezing (weapon)
Missiles
 a - 159 arrows
 c - 4 curare-tipped darts
 h - 134 stones (quivered)
 t - 16 boomerangs
 G - 22 poisoned darts
 I - 3 silver boomerangs
 M - 4 boomerangs of dispersal
 Q - 5 throwing nets
Armour
 k - the +4 leather armour "Qyobrul" (worn) {Int+5 Slay-3}
   (You found it on level 6 of the Dungeon)

   It affects your intelligence (+5).
   It affects your accuracy and damage with ranged weapons and melee attacks
   (-3).
 J - a +0 pair of gloves (worn)
 L - the +1 large shield "Qyli" {rN+}
   (You found it on level 8 of the Dungeon)

   It protects you from negative energy.
 P - a +1 cloak of magic resistance (worn)
Jewellery
 e - an uncursed amulet of guardian spirit
 g - an uncursed ring of protection from magic
 i - a +3 ring of strength (left hand)
 j - an uncursed amulet of the acrobat
 l - a +4 ring of intelligence (right hand)
 v - an amulet of regeneration (around neck)
 x - an uncursed amulet of the gourmand
 N - an uncursed ring of protection from fire
Wands
 w - a wand of paralysis (8)
 y - a wand of polymorph (7)
 D - a wand of disintegration (45)
 K - a wand of flame (42)
Scrolls
 b - 2 scrolls of remove curse
 f - 7 scrolls of teleportation
 q - a scroll of fear
 s - 10 scrolls of identify
 R - a scroll of acquirement {unknown}
Potions
 m - a potion of berserk rage {unknown}
 n - a potion of degeneration
 o - 2 potions of agility {unknown}
 p - a potion of might
 r - a potion of brilliance
 u - 3 potions of curing
 z - 3 potions of lignification
 A - 2 potions of invisibility
 B - 4 potions of flight
 H - 2 potions of ambrosia {unknown}
Comestibles
 d - 27 rations


   Skills:
 + Level 6.8 Fighting
 + Level 6.2 Short Blades
 + Level 6.2 Long Blades
 + Level 6.2 Axes
 + Level 6.2 Maces & Flails
 + Level 6.2 Polearms
 + Level 6.2 Staves
 + Level 6.2 Slings
 + Level 6.2 Bows
 + Level 6.2 Crossbows
 + Level 6.2 Throwing
 + Level 6.2 Armour
 + Level 7.8 Dodging
 + Level 6.2 Stealth
 + Level 6.2 Shields
 + Level 9.1 Unarmed Combat
 + Level 8.1 Spellcasting
 + Level 5.2 Conjurations
 + Level 5.2 Hexes
 + Level 5.2 Charms
 + Level 5.2 Summonings
 + Level 5.2 Necromancy
 + Level 5.2 Translocations
 + Level 6.5 Transmutations
 + Level 5.2 Fire Magic
 + Level 5.2 Ice Magic
 + Level 5.2 Air Magic
 + Level 5.2 Earth Magic
 + Level 5.2 Poison Magic
 + Level 6.9 Invocations
 + Level 6.2 Evocations


You had 8 spell levels left.
You knew the following spells:

 Your Spells              Type           Power        Failure   Level  Hunger
c - Borgnjor's Vile Clut  Necr/Erth      ######....   11%         5    ###....
i - Ice Form              Ice/Tmut       ######..     3%          4    None
p - Blade Hands           Tmut           ######....   6%          5    ###....
u - Spider Form           Tmut/Pois      ######....   1%          3    None
y - Beastly Appendage     Tmut           ######       1%          1    None

Your spell library contained the following spells:

 Spells                   Type           Power        Failure   Level  Hunger
 Sticks to Snakes         Tmut           ######..     1%          2    None
 Recall                   Summ/Tloc      N/A          1%          3    None
 Animate Dead             Necr           N/A          3%          4    None
 Death Channel            Necr           ######....   52%         6    #####..
 Simulacrum               Ice/Necr       ######....   52%         6    #####..


Dungeon Overview and Level Annotations

Branches:
Dungeon (11/15)              Lair (0/6) D:8             Orc (0/2) D:9
Ossuary (visited)
 Temple: D:4-7

Altars:
Cheibriados
Dithmenos
Elyvilon
Gozag
Makhleb
Nemelex Xobeh
Qazlal
Zin
Beogh

Portals:
Ice
Cave: D:11

Annotations:
D:8 3 runed translucent doors, diiiiiane's ghost, novice OpAs


Innate Abilities, Weirdness & Mutations

Your experience applies equally to all skills.
You have very sharp teeth.
Your uncanny sense of smell can sniff out nearby items.
You have a pair of horns on your head.


Message History

Cheibriados thoroughly appreciates the change of pace.
You hear a bellow!
The orc wizard hits you but does no damage.
The yak gores you!
* * * LOW HITPOINT WARNING * * *
The orc warrior misses you. The orc wizard closely misses you.
You hear a bellow!
You hear a shout!
You closely miss the orc wizard. The orc wizard completely misses you.
The orc warrior barely misses you.
The orc wizard hits you but does no damage.
A yak comes into view.
Unknown command.
You hit the orc wizard. You freeze the orc wizard. You headbutt the orc wizard.
The orc wizard is severely wounded.
The yak barely misses you.
You riposte.
You barely miss the yak.
The yak is heavily wounded.
The orc warrior hits you with a +0 short sword!
* * * LOW HITPOINT WARNING * * *
The yak gores you!
You die...

...!. .# #. ### .... ..
... ..# ###..≈ #.# ..# .
#.# ......#≈.##..# .. #.#
#..#..≈#≈... ...##.#
#.≈#...≈#.# #. ...#
#.≈#.†Yo.≈##
#.###.#####.≈#∩o@Y...#
#..<#.......≈#####Y..#.#
##...#......≈≈≈≈≈......#
+...+.....''.....#.##....
#...#.....##.....#.# #.#
#...#.....###Y......# #
#...#.................
....#................#
##...#(.................


You could see 3 yaks, an orc warrior and an orc wizard.

Vanquished Creatures
  Harold (D:9)
  Pikel (D:6)
  Maurice (D:9)
  Joseph (D:9)
  2 rime drakes (D:11)
  Prince Ribbit (D:9)
  3 hippogriffs (D:7)
  Sigmund (D:4)
  8 yaks
  Eustachio (D:6)
  Grum (D:8)
  Menkaure (D:6)
  Edmund (D:6)
  An orc warrior (D:6)
  4 sky beasts
  4 slaves (D:6)
  2 black bears
  4 phantoms
  5 ice beasts
  A necrophage (D:9)
  4 wolves (D:8)
  4 ogres
  2 centaurs
  2 big kobolds (D:8)
  5 bullfrogs
  3 wights (D:9)
  5 howler monkeys
  3 crimson imps
  A centaur zombie (D:6)
  2 jellies
  4 hounds
  8 orc priests
  8 orc wizards
  Crazy Yiuf (D:6)
  3 centaur skeletons
  An iron imp (D:6)
  2 bullfrog skeletons
  6 iguanas
  2 worker ants
  2 hound zombies
  2 hound skeletons
  8 mummies (Ossuary)
  A howler monkey skeleton (D:6)
  6 gnolls
  A worker ant zombie (D:8)
  11 adders
  2 shadow imps
  An ooze (D:6)
  2 adder zombies
  2 adder skeletons
  3 worms
  4 leopard geckos
  43 orcs
  6 bats
  3 giant cockroaches
  2 gnoll zombies (Ossuary)
  9 goblins
  7 hobgoblins
  8 jackals
  3 quokkas
  3 ball pythons
  5 frilled lizards
  2 hobgoblin zombies (Ossuary)
  A jackal skeleton (D:6)
  7 kobolds
  2 kobold zombies (Ossuary)
  A leopard gecko skeleton (D:8)
  2 orc zombies (Ossuary)
  A quokka skeleton (D:7)
  A quokka zombie (D:8)
  4 rats
265 creatures vanquished.

Vanquished Creatures (others)
  3 plants (D:11)
  5 toadstools (D:1)
8 creatures vanquished.

Grand Total: 273 creatures vanquished

Notes
Turn   | Place    | Note
-------+----------+-------------------------------------------
     0 | D:1      | FishyPogo the Gnoll Transmuter began the quest for the Orb.
     0 | D:1      | Reached XP level 1. HP: 17/17 MP: 6/6
   104 | D:1      | Reached XP level 2. HP: 23/23 MP: 2/7
   331 | D:1      | Found a sparkling altar of Nemelex Xobeh.
   782 | D:2      | Reached XP level 3. HP: 9/28 MP: 2/9
   787 | D:2      | Reached skill level 5 in Spellcasting
   821 | D:2      | Noticed an ogre
   828 | D:2      | Learned a level 3 spell: Spider Form
   833 | D:2      | Killed an ogre
   833 | D:2      | Reached skill level 1 in Short Blades
   833 | D:2      | Reached skill level 1 in Long Blades
   833 | D:2      | Reached skill level 1 in Axes
   833 | D:2      | Reached skill level 1 in Maces & Flails
   833 | D:2      | Reached skill level 1 in Polearms
   833 | D:2      | Reached skill level 1 in Staves
   833 | D:2      | Reached skill level 1 in Slings
   833 | D:2      | Reached skill level 1 in Bows
   833 | D:2      | Reached skill level 1 in Crossbows
   833 | D:2      | Reached skill level 1 in Throwing
   833 | D:2      | Reached skill level 1 in Armour
   833 | D:2      | Reached skill level 1 in Stealth
   833 | D:2      | Reached skill level 1 in Shields
   833 | D:2      | Reached skill level 1 in Conjurations
   833 | D:2      | Reached skill level 1 in Hexes
   833 | D:2      | Reached skill level 1 in Charms
   833 | D:2      | Reached skill level 1 in Summonings
   833 | D:2      | Reached skill level 1 in Necromancy
   833 | D:2      | Reached skill level 1 in Translocations
   833 | D:2      | Reached skill level 1 in Fire Magic
   833 | D:2      | Reached skill level 1 in Ice Magic
   833 | D:2      | Reached skill level 1 in Air Magic
   833 | D:2      | Reached skill level 1 in Earth Magic
   833 | D:2      | Reached skill level 1 in Poison Magic
   833 | D:2      | Reached skill level 1 in Invocations
   833 | D:2      | Reached skill level 1 in Evocations
   833 | D:2      | Reached XP level 4. HP: 16/34 MP: 2/11
   833 | D:2      | Reached XP level 5. HP: 18/40 MP: 2/12
  1455 | D:3      | Noticed a black bear
  1466 | D:3      | Killed a black bear
  1471 | D:3      | Reached XP level 6. HP: 35/47 MP: 8/13
  1688 | D:3      | Learned a level 4 spell: Ice Form
  1734 | D:3      | Reached skill level 5 in Dodging
  2106 | D:4      | Noticed a phantom
  2115 | D:4      | Killed a phantom
  2138 | D:4      | Noticed Sigmund
  2146 | D:4      | Reached XP level 7. HP: 42/52 MP: 10/15
  2158 | D:4      | Killed Sigmund
  2158 | D:4      | Reached skill level 7 in Unarmed Combat
  2163 | D:4      | Found a shadowy altar of Dithmenos.
  2502 | D:4      | You fall into a shaft and drop 2 floors!
  2502 | D:6      | Found a snail-covered altar of Cheibriados.
  2508 | D:6      | Reached XP level 8. HP: 53/60 MP: 12/16
  2510 | D:6      | Became a worshipper of Cheibriados the Contemplative
  2846 | D:6      | Noticed Eustachio
  2885 | D:6      | Reached * piety under Cheibriados
  2898 | D:6      | Got a slimy leather armour
  2909 | D:6      | Identified the +4 leather armour "Qyobrul" {Int+5 Slay-3}
                  | (You found it on level 6 of the Dungeon)
  2916 | D:6      | Found a sand-covered staircase.
  2930 | Ossuary  | Entered an ossuary
  3075 | Ossuary  | Learned a level 5 spell: Blade Hands
  3256 | D:6      | Noticed Menkaure
  3270 | D:6      | Killed Menkaure
  3274 | D:6      | Found an opulent altar of Gozag.
  3364 | D:6      | Killed Eustachio
  3364 | D:6      | Reached XP level 9. HP: 42/66 MP: 15/18
  3388 | D:6      | Noticed Pikel
  3396 | D:6      | Killed Pikel
  3396 | D:6      | Reached skill level 5 in Transmutations
  3601 | D:6      | Found a runed translucent door.
  3602 | D:6      | Noticed Crazy Yiuf
  3611 | D:6      | Killed Crazy Yiuf
  3696 | D:6      | Noticed Edmund
  3705 | D:6      | Killed Edmund
  3873 | D:7      | Reached skill level 5 in Fighting
  3978 | D:7      | Got a bloodstained quarterstaff
  3979 | D:7      | Identified the cursed +1 quarterstaff of Udupedd {venom,
                  | Str+2} (You found it on level 7 of the Dungeon)
  4170 | D:7      | Reached skill level 8 in Unarmed Combat
  4177 | D:7      | Reached ** piety under Cheibriados
  4189 | D:7      | Reached skill level 5 in Invocations
  4502 | D:7      | Reached XP level 10. HP: 45/74 MP: 17/20
  4773 | D:8      | Found a staircase to the Lair.
  4919 | D:8      | Reached *** piety under Cheibriados
  5036 | D:8      | Noticed Grum
  5045 | D:8      | Reached skill level 5 in Short Blades
  5045 | D:8      | Reached skill level 5 in Long Blades
  5045 | D:8      | Reached skill level 5 in Axes
  5045 | D:8      | Reached skill level 5 in Maces & Flails
  5045 | D:8      | Reached skill level 5 in Polearms
  5045 | D:8      | Reached skill level 5 in Staves
  5045 | D:8      | Reached skill level 5 in Slings
  5045 | D:8      | Reached skill level 5 in Bows
  5045 | D:8      | Reached skill level 5 in Crossbows
  5045 | D:8      | Reached skill level 5 in Throwing
  5045 | D:8      | Reached skill level 5 in Armour
  5045 | D:8      | Reached skill level 5 in Stealth
  5045 | D:8      | Reached skill level 5 in Shields
  5045 | D:8      | Reached skill level 5 in Evocations
  5056 | D:8      | Killed Grum
  5208 | D:8      | Got a scorched large shield
  5360 | D:8      | Found a glowing silver altar of Zin.
  5397 | D:8      | Found a runed translucent gate.
  5398 | D:8      | Found a runed translucent gate.
  5398 | D:8      | Found an opulent altar of Gozag.
  5399 | D:8      | Found a runed translucent gate.
  5400 | D:8      | Noticed diiiiiane's ghost (novice OpAs)
  5753 | D:9      | Noticed Maurice
  5785 | D:9      | Killed Maurice
  5899 | D:9      | Reached **** piety under Cheibriados
  5946 | D:9      | Found a white marble altar of Elyvilon.
  5986 | D:9      | Found a burning altar of Makhleb.
  6031 | D:9      | Noticed Harold
  6038 | D:9      | Found a staircase to the Orcish Mines.
  6046 | D:9      | Killed Harold
  6046 | D:9      | Reached XP level 11. HP: 75/81 MP: 20/22
  6115 | D:9      | Found a roughly hewn altar of Beogh.
  6188 | D:9      | Learned a level 5 spell: Borgnjor's Vile Clutch
  6195 | D:9      | Noticed Joseph
  6201 | D:9      | Killed Joseph
  6294 | D:9      | Found a stormy altar of Qazlal.
  6505 | D:9      | Noticed Prince Ribbit
  6519 | D:9      | Killed Prince Ribbit
  6615 | D:10     | Entered Level 10 of the Dungeon
  6638 | D:10     | Reached skill level 9 in Unarmed Combat
  6665 | D:10     | Identified the +1 large shield "Qyli" {rN+} (You found it
                  | on level 8 of the Dungeon)
  6738 | D:10     | Reached skill level 5 in Conjurations
  6738 | D:10     | Reached skill level 5 in Hexes
  6738 | D:10     | Reached skill level 5 in Charms
  6738 | D:10     | Reached skill level 5 in Summonings
  6738 | D:10     | Reached skill level 5 in Necromancy
  6738 | D:10     | Reached skill level 5 in Translocations
  6738 | D:10     | Reached skill level 5 in Fire Magic
  6738 | D:10     | Reached skill level 5 in Ice Magic
  6738 | D:10     | Reached skill level 5 in Air Magic
  6738 | D:10     | Reached skill level 5 in Earth Magic
  6738 | D:10     | Reached skill level 5 in Poison Magic
  6741 | D:10     | Reached ***** piety under Cheibriados
  7420 | D:11     | Found a frozen archway.
  7440 | D:11     | HP: 2/83 [orc warrior/+0 short sword (12)]
  7440 | D:11     | Mangled by a yak

Levels and vault maps discovered:
D:1:      ldierk_walled_garden, layout_basic, minmay_misc_feat_chi,
          serial_bayou_ford_a, nemelex_altar_shiori
D:2:      layout_loops_cross
D:3:      cheibrodos_greedy_goblins, layout_basic
D:4:      layout_loops_cross, marbit_many_paths, uniq_sigmund
D:6:      layout_rooms, slow_altar_1, lightli_ossuary_entry_decrepit_ruins,
          dk_noncrumbling_4, grunt_gozag_breadcrumbs, uniq_crazy_yiuf_cottage,
          uniq_eustachio, uniq_menkaure, uniq_pikel, uniq_edmund
D:7:      layout_basic, st_stairs_14
D:8:      layout_basic, zin_treasury, dpeg_oklobed_lair, ebering_ghost_gozag,
          blue_anna_alchemist [blue_anna_fruit_fields, blue_anna_fruit_fields],
          uniq_grum
D:9:      layout_long_grid, makhleb_heckhound_becter, overflow_temple_1_default,
          elyvilon_altar_5, minmay_orc_entry_temple_small,
          chequers_serial_rivers_small_a, uniq_harold, uniq_prince_ribbit1,
          uniq_joseph, uniq_maurice
D:10:     layout_irregular_city
D:11:     layout_basic, portal_ice_cave_rime, serial_ice, serial_ice_o,
          serial_ice_i, serial_ice_c, serial_ice_h, chequers_big_river,
          minmay_crystal_room

Skill      XL: |  1  2  3  4  5  6  7  8  9 10 11 |
---------------+----------------------------------+-----
Spellcasting   | 5 6 7 8 |  8.1
Short Blades   | 1 2 3 4 5 6 |  6.2
Long Blades    | 1 2 3 4 5 6 |  6.2
Axes           | 1 2 3 4 5 6 |  6.2
Maces & Flails | 1 2 3 4 5 6 |  6.2
Polearms       | 1 2 3 4 5 6 |  6.2
Staves         | 1 2 3 4 5 6 |  6.2
Slings         | 1 2 3 4 5 6 |  6.2
Bows           | 1 2 3 4 5 6 |  6.2
Crossbows      | 1 2 3 4 5 6 |  6.2
Throwing       | 1 2 3 4 5 6 |  6.2
Armour         | 1 2 3 4 5 6 |  6.2
Stealth        | 1 2 3 4 5 6 |  6.2
Shields        | 1 2 3 4 5 6 |  6.2
Conjurations   | 1 2 3 4 5 |  5.2
Hexes          | 1 2 3 4 5 |  5.2
Charms         | 1 2 3 4 5 |  5.2
Summonings     | 1 2 3 4 5 |  5.2
Necromancy     | 1 2 3 4 5 |  5.2
Translocations | 1 2 3 4 5 |  5.2
Fire Magic     | 1 2 3 4 5 |  5.2
Ice Magic      | 1 2 3 4 5 |  5.2
Air Magic      | 1 2 3 4 5 |  5.2
Earth Magic    | 1 2 3 4 5 |  5.2
Poison Magic   | 1 2 3 4 5 |  5.2
Invocations    | 1 2 3 4 5 6 |  6.9
Evocations     | 1 2 3 4 5 6 |  6.2
Fighting       | 3 4 5 6 |  6.8
Transmutations | 4 5 6 |  6.5
Dodging        | 5 6 7 |  7.8
Unarmed Combat | 7 8 9 |  9.1

Action                   |  1- 3 |  4- 6 |  7- 9 | 10-12 || total
-------------------------+-------+-------+-------+-------++-------
Melee: Unarmed           |    52 |    81 |   291 |   178 ||   602
       Bite              |     4 |     3 |    13 |    24 ||    44
       Kick              |     2 |     7 |    17 |    24 ||    50
       Headbutt          |     4 |     4 |     9 |    16 ||    33
       Punch             |       |       |     3 |     9 ||    12
       Quarterstaff      |       |       |    12 |    58 ||    70
       Scimitar          |       |       |       |    60 ||    60
Throw: Stone             |       |       |    15 |     2 ||    17
 Cast: Beastly Appendage |     8 |     9 |     9 |    12 ||    38
       Spider Form       |     1 |     2 |    16 |    16 ||    35
       Blade Hands       |       |       |     1 |     1 ||     2
       Borgnjor's Vile C |       |       |       |     5 ||     5
 Abil: End Transformatio |       |       |       |     1 ||     1
  Use: Potion            |     2 |       |     4 |     2 ||     8
       Scroll            |       |     4 |     8 |     4 ||    16
 Stab: Sleeping          |       |     1 |     1 |    10 ||    12
       Distracted        |       |       |     1 |       ||     1
  Eat: Chunk             |       |     4 |     6 |     6 ||    16
Armor: Robe              |     2 |    10 |     5 |       ||    17
       Skin              |       |       |    23 |     3 ||    26
       Leather armour    |       |       |    11 |    29 ||    40
Dodge: Dodged            |    27 |    46 |   255 |   330 ||   658
       Rpst.: Scimitar   |       |       |       |    26 ||    26
